cohdb
Replays
Latest Replays
All Replays
Popular Replays
Top Player Replays
Match Explorer
How It Works
Community
CoH3 Stats
Reddit
Sign in to upload your games and track your stats! →
Sign in with Steam
Match 45101692
Unlisted
Match 45101692
Overview
Messages
Build Orders
End
Selects Special Operations Battlegroup
Selects M29 Weasel Recon Vehicle
M29 Weasel Recon Vehicle
Construct Barracks
Riflemen Squad
Riflemen Squad
Riflemen Squad
Infantry Support Center
Construct Motor Pool
M8 Greyhound Armored Car
Selects Smoke Screen
Selects SSF Commando Squad
Engineer Squad
Construct Medical Station
SSF Commando Squad
M1918 Browning Automatic Rifles
M1 Anti-tank Gun Team
Grenade Package
M24 Chaffee Light Tank
Selects P-47 Anti-Infantry Loiter
P-47 Anti-Infantry Loiter
Smoke Screen
Selects M4A1 Sherman Whizbang
M4A1 Sherman Whizbang
Advanced Logistics
Monsieur Nathan
KoRneY
0
0
Comments
sign in to comment!
No comments posted yet!